 Dungeon Crawl Stone Soup version 0.31.0-9-g3a7656b989 (webtiles) character file.

Game seed: 6590802136521322927

2 GordonOverkill the Sneak (level 1, -3/18 HPs)
             Began as a Formicid Delver on Jan 25, 2024.
             Splashed by a jelly's acid (10 damage)
             ... on level 4 of the Dungeon.
             The game lasted 00:00:43 (52 turns).

GordonOverkill the Sneak (Formicid Delver)            Turns: 52, Time: 00:00:43

Health: -3/18      AC: -5    Str: 16    XL:     1   Next: 33%
Magic:  1/1        EV: 12    Int:  9    God:
Gold:   8          SH:  0    Dex: 15    Spells: 0/0 levels left

rFire   . . .        a - +0 mace
rCold   . . .        (no shield)
rNeg    . . .        b - +0 leather armour
rPois   .            (helmet unavailable)
rElec   .            (no cloak)
rCorr   .            (no gloves)
SInv    +            (no boots)
Will    .....        (no amulet)
Stlth   +++          (no ring)
HPRegen 0.23/turn    (no ring)
MPRegen 0.07/turn

%: no passive effects
@: corroded
A: permanent stasis, dig shafts and tunnels, antennae 3, four strong arms
a: Dig, Shaft Self


You were on level 4 of the Dungeon.
You visited 1 branch of the dungeon, and saw 3 of its levels.

You collected 8 gold pieces.

Inventory:

Hand Weapons
 a - a +0 mace (weapon)
Armour
 b - a +0 leather armour (worn)
Wands
 f - a wand of digging (3)
Scrolls
 c - a scroll of fog
 d - a scroll of revelation


   Skills:
 + Level 3.4 Fighting
 - Level 2.0 Maces & Flails
 - Level 1.7 Dodging
 - Level 6.0 Stealth


You couldn't memorise any spells.
You didn't know any spells.
Your spell library was empty.

Dungeon Overview and Level Annotations

Branches:
Dungeon (6/15)
 Temple: D:4-7

Altars:

Shops:
D:6 !


Innate Abilities, Weirdness & Mutations

You cannot be hasted, slowed, berserked, paralysed or teleported.
You can dig through walls and to a lower floor.
You have a pair of large antennae on your head. (SInv)
Your four strong arms can wield two-handed weapons with a shield.


Message History

Found Jabruh's Distillery.
There is a stone staircase leading up here.
The helpless orc fails to defend itself.
You thump the orc!
You kill the orc!
Things that are here:
a +0 club; an orc corpse A phantom comes into view.
There is an entrance to Jabruh's Distillery here.
You can access your shopping list by pressing '$'.
There is a stone staircase leading up here.
You climb upwards.
There is a stone staircase leading down here.
You now have 8 gold pieces.
A quokka comes into view.
Found an escape hatch in the floor.
An ice beast comes into view.
Found a robe.
Found a stone staircase leading up.
You see here a +0 robe.
The ice beast hits you. The ice beast freezes you!
* * * LOW HITPOINT WARNING * * *
As you read the scroll of fear, it crumbles to dust.
You assume a fearsome visage.
The ice beast looks frightened!
There is a stone staircase leading up here.
You climb upwards.
The jelly quivers.
There is a stone staircase leading down here.
You sock the jelly! The acid corrodes you!
Your hands burn!
* * * LOW HITPOINT WARNING * * *
The jelly is heavily wounded.
The jelly misses you.
You hit the jelly but do no damage.
Your hands burn!
* * * LOW HITPOINT WARNING * * *
The jelly is heavily wounded.
The jelly hits you.
* * * LOW HITPOINT WARNING * * *
The acid corrodes you!
You are splashed with acid!
Ouch! That really hurt!
You die... ########... #..@J.....P #.#####.... # .

You could see a jelly.

Vanquished Creatures
  An orc (D:6)
1 creature vanquished.

Notes
Turn   | Place    | Note
-------+----------+-------------------------------------------
     0 | D:5      | GordonOverkill the Formicid Delver began the quest for the
                  | Orb.
     0 | D:5      | Reached XP level 1. HP: 18/18 MP: 1/1
     1 | D:6      | Found Jabruh's Distillery.
     6 | D:6      | Noticed a phantom
    39 | D:5      | Noticed an ice beast
    50 | D:4      | Noticed a jelly
    52 | D:4      | Splashed by a jelly's acid

Illustrated notes

Levels and vault maps discovered:
D:4:      layout_loops_ring, mainiacjoe_overflow_big_doors,
          minmay_temple_entry_steel_oval, minmay_misc_feat_plants,
          minmay_fountain_box
D:5:      dreamdust_elfheim, layout_loops_ring, minmay_misc_feat_roman,
          st_stairs_1
D:6:      layout_loops_ring, serial_shops, nicolae_diamond_shop,
          minmay_unpleasant_kobolds

Action                     || total
---------------------------++-------
  Melee: Mace              ||     3
    Use: Scroll            ||     1
   Stab: Sleeping          ||     1
 Armour: Leather armour    ||     2
  Dodge: Dodged            ||     1
